 Dungeon Sprint DCSS version 0.30-a0-218-gedb9141078 (webtiles) character file.

Game seed: 16765124826058922558

220 mhtbhm the Geomancer (level 5, 0/30 HPs)
             Began as a Gargoyle Earth Elementalist on Oct 5, 2022.
             Was an Initiate of Vehumet.
             Killed from afar by a deep elf pyromancer (28 damage)
             ... with a bolt of fire
             ... in the Dungeon (Sprint III: "The Ten Rune Challenge").
             The game lasted 00:01:54 (536 turns).

mhtbhm the Geomancer (Gargoyle Earth Elementalist)   Turns: 536, Time: 00:01:55

Health: 0/30       AC:  6    Str: 15    XL:     5   Next: 97%
Magic:  11/13      EV: 12    Int: 17    God:    Vehumet [......]
Gold:   28         SH:  0    Dex:  9    Spells: 8/18 levels left

rFire   . . .      SeeInvis .    (no weapon)
rCold   . . .      Faith    .    (no shield)
rNeg    + . .      Spirit   .    a - +0 robe
rPois   ∞          Reflect  .    (helmet restricted)
rElec   +          Harm     .    (no cloak)
rCorr   .          Rampage  .    (no gloves)
Will    .....      NoTele   +    (no boots)
Stlth   ++........               (no amulet)
HPRegen 0.25/turn                (no ring)
MPRegen 0.13/turn                (no ring)

@: no status effects
A: sickness immunity, AC +4, negative energy resistance 1, electricity
resistance, torment resistance 1, petrification resistance, claws 1, horns 1,
low MP 1, robust 1, strong 1
a: Renounce Religion


You were in the Dungeon.
You worshipped Vehumet.
Vehumet was noncommittal.
You visited 1 branch You collected 28 gold pieces.

Inventory:

Armour
 a - a +0 robe (worn)
Scrolls
 e - 2 scrolls of immolation {unknown}
 f - 4 scrolls of identify
 g - a scroll of blinking
Potions
 b - a potion of magic
 c - a potion of curing
 d - 2 potions of mutation
 h - a potion of heal wounds
 i - 2 potions of flight


   Skills:
 - Level 0.2 Fighting
 + Level 3.3 Dodging
 + Level 3.5 Stealth
 - Level 0.3 Unarmed Combat
 + Level 7.1 Spellcasting
 + Level 1.1 Transmutations
 + Level 10.0 Earth Magic


You had 8 spell levels left.
You knew the following spells:

 Your Spells              Type           Power      Damage    Failure   Level
a - Sandblast             Erth           80%        2d17      1%          1
b - Passwall              Tmut/Erth      20%        N/A       1%          2
c - Stone Arrow           Conj/Erth      46%        3d9       4%          3
d - Petrify               Tmut/Erth      25%        N/A       12%         4

Your spell library contained the following spells:

 Spells                   Type           Power      Damage    Failure   Level
 Dazzling Flash           Conj/Hex       12%        N/A       34%         3
 Agony                    Necr           6%         N/A       97%         5
 Silence                  Hex/Air        3%         N/A       97%         5


Dungeon Overview and Level Annotations

Branches:
Dungeon (1/1)

Altars:
Dithmenos
Elyvilon
Kikubaaqudgha
Ru
Sif Muna
Vehumet
Yredelemnul
Zin
The Shining One


Innate Abilities, Weirdness & Mutations

You are immune to sickness and miasma.
Your stone body is resilient. (AC +4)
You are immune to poison.
You resist negative energy. (rN+)
You are resistant to electric shocks. (rElec)
You are resistant to unholy torment.
You are immune to petrification.
You have sharp fingernails.
You have a pair of small horns on your head.
Your magical capacity is low. (-10% MP)
You are robust. (+10% HP)
Your muscles are strong. (Str +4, Int/Dex -1)


Message History

a +0 dagger; a +0 robe You now have 28 gold pieces (gained 3).
You start resting.
HP restored.
There is an open door here.
Things that are here:
a +0 dagger; a +0 robe You start resting.
Magic restored.
You open the door.
A deep elf pyromancer comes into view.
It is wielding a +2 long sword of holy wrath.
The deep elf pyromancer shouts!
Found a potion of curing.
Found three altars.
Casting: Sandblast (safe; 1% risk of failure)
Confirm with . or Enter, or press ? or * to list all spells.
Aiming: Stone Arrow (dangerous; 4% risk of failure)
Press: ? - help, Shift-Dir - straight line, f - deep elf pyromancer
Aim: a deep elf pyromancer, wielding a +2 long sword of holy wrath (60% to hit)
Okay, then.
Casting: Stone Arrow (dangerous; 4% risk of failure)
Confirm with . or Enter, or press ? or * to list all spells.
Aiming: Sandblast (safe; 1% risk of failure)
Press: ? - help, Shift-Dir - straight line, f - deep elf pyromancer
Aim: a deep elf pyromancer, wielding a +2 long sword of holy wrath (79% to hit)
The blast of sand hits the deep elf pyromancer!!
The deep elf pyromancer is heavily wounded.
Unknown command.
Unknown command.
Casting: Sandblast (safe; 1% risk of failure)
Confirm with . or Enter, or press ? or * to list all spells.
Aiming: Sandblast (safe; 1% risk of failure)
Press: ? - help, Shift-Dir - straight line, f/p - deep elf pyromancer
Aim: a deep elf pyromancer, wielding a +2 long sword of holy wrath (heavily wounded, 79% to hit)
The blast of sand hits the deep elf pyromancer!!
The deep elf pyromancer is almost dead.
The deep elf pyromancer hits you with a +2 long sword of holy wrath.
The deep elf pyromancer points at you and mumbles some strange words.
The bolt of fire hits you!!
Ouch! That really hurt!
You die...

▓▓▓▓▓▓ ▓▓▓ '....♣♣
♣.#### #### #.....♣♣
♣.#___ #__# #....♣.♣
♣.#!.. #._#
#....~.♣♣♣♣.###e#+###)##
#...~~.♣♣...#...@......#
#†.~~~~♣♣♣..'.⌠........#
#..~≈≈~~~♣..#...######+#
#.~~≈~~~....#.⌠.#
#.~≈~~~.....#...#
#.~~~.......#)###
#...........#.).#
..†.........#___#
▓▓▓▓▓▓▓▓▓▓▓▓▓▓▓▓▓


You could see a deep elf pyromancer.

Vanquished Creatures
  A necrophage (D)
  A water elemental (D)
  A necromancer (D)
  A wizard (D)
  A human (D)
  A kobold demonologist (D)
  A wolf (D)
  An endoplasm (D)
  3 rats (D)
11 creatures vanquished.

Notes
Turn   | Place    | Note
-------+----------+-------------------------------------------
     0 | D        | mhtbhm the Gargoyle Earth Elementalist began the quest for
                  | the Orb.
     0 | D        | Reached XP level 1. HP: 10/10 MP: 3/3
    60 | D        | Reached skill level 4 in Earth Magic
   154 | D        | Reached skill level 5 in Earth Magic
   154 | D        | Reached XP level 2. HP: 13/15 MP: 0/6
   207 | D        | Learned a level 2 spell: Passwall
   214 | D        | Reached skill level 6 in Earth Magic
   214 | D        | Reached XP level 3. HP: 19/19 MP: 4/8
   218 | D        | Learned a level 3 spell: Stone Arrow
   235 | D        | Gained mutation: Your spells are a little easier to cast,
                  | but a little less powerful. [potion of mutation]
   235 | D        | Gained mutation: Your spells are easier to cast, but less
                  | powerful. [potion of mutation]
   235 | D        | Gained mutation: You are clumsy. (Dex -2) [potion of
                  | mutation]
   235 | D        | Gained mutation: You have a pair of small horns on your
                  | head. [potion of mutation]
   239 | D        | Lost mutation: You are clumsy. (Dex -2) [potion of
                  | mutation]
   239 | D        | Lost mutation: Your spells are easier to cast, but less
                  | powerful. [potion of mutation]
   239 | D        | Lost mutation: Your spells are a little easier to cast, but
                  | a little less powerful. [potion of mutation]
   239 | D        | Gained mutation: Your magical capacity is low. (-10% MP)
                  | [potion of mutation]
   239 | D        | Gained mutation: Your muscles are strong. (Str +4, Int/Dex
                  | -1) [potion of mutation]
   239 | D        | Gained mutation: You are robust. (+10% HP) [potion of
                  | mutation]
   239 | D        | Gained mutation: You have sharp fingernails. [potion of
                  | mutation]
   355 | D        | Noticed a water elemental
   360 | D        | Killed a water elemental
   361 | D        | Reached skill level 5 in Spellcasting
   361 | D        | Reached skill level 1 in Transmutations
   361 | D        | Reached skill level 7 in Earth Magic
   361 | D        | Reached XP level 4. HP: 8/26 MP: 3/10
   443 | D        | Learned a level 4 spell: Petrify
   449 | D        | Found a radiant altar of Vehumet.
   449 | D        | Found a shimmering blue altar of Sif Muna.
   449 | D        | Found an ancient bone altar of Kikubaaqudgha.
   449 | D        | Noticed a wizard
   450 | D        | Killed a wizard
   451 | D        | Reached skill level 8 in Earth Magic
   451 | D        | Reached XP level 5. HP: 30/30 MP: 9/11
   461 | D        | Became a worshipper of Vehumet
   488 | D        | Found a basalt altar of Yredelemnul.
   488 | D        | Found a shadowy altar of Dithmenos.
   488 | D        | Found a sacrificial altar of Ru.
   491 | D        | Reached skill level 9 in Earth Magic
   494 | D        | Reached skill level 10 in Earth Magic
   534 | D        | Found a glowing silver altar of Zin.
   534 | D        | Found a glowing golden altar of the Shining One.
   534 | D        | Found a white marble altar of Elyvilon.
   534 | D        | Noticed a deep elf pyromancer
   536 | D        | Killed from afar by a deep elf pyromancer

Illustrated notes

Levels and vault maps discovered:
D:        dungeon_sprint_mu [sprint_mu_entry_forest, sprint_mu_temple_rooms,
          sprint_mu_d1_horrors, sprint_mu_d2_genie, sprint_mu_d3_branching,
          sprint_mu_orc_legion, sprint_mu_elf_gauntlet, sprint_mu_hive_nellie,
          sprint_mu_lair_fedhas, sprint_mu_vaults_butterflies,
          sprint_mu_slime_circle, sprint_mu_shoals_kraken,
          sprint_mu_snake_twists, sprint_mu_blade_basic,
          sprint_mu_crypt_fortress, sprint_mu_tomb_spiral,
          sprint_mu_vestibule_basic, sprint_mu_gehenna_hellfire,
          sprint_mu_dis_giant, sprint_mu_tartarus_statrot,
          sprint_mu_cocytus_islands, sprint_mu_zot1]

Skill      XL: |  1  2  3  4  5 |
---------------+----------------+-----
Dodging        | 2 3 |  3.3
Earth Magic    | 5 6 7 8 10 | 10.0
Spellcasting   | 3 5 7 |  7.1
Stealth        | 3 |  3.5
Transmutations | 1 |  1.1
Fighting       | |  0.2
Unarmed Combat | |  0.3

Action                   |  1- 3 |  4- 6 || total
-------------------------+-------+-------++-------
Melee: Unarmed           |     5 |       ||     5
 Cast: Sandblast         |    23 |    10 ||    33
  Use: Potion            |     7 |       ||     7
Armor: Robe              |     3 |     2 ||     5
Dodge: Dodged            |    12 |     2 ||    14

Table legend: (Time is in decaauts)
 A = Elapsed time spent in this place.
 B = Non-inter-level travel time spent in this place.
 C = Inter-level travel time spent in this place.
 D = Time resting spent in this place.
 E = Time spent auto-exploring this place.
 F = Levels seen in this place.
 G = Mean time per level.
                   A        B        C        D        E       F      G
               +--------+--------+--------+--------+--------+-----+--------+
         Total |    546 |    546 |      0 |    327 |      1 |   1 |  546.0 |
       Dungeon |    546 |    546 |      0 |    327 |      1 |   1 |  546.0 |
               +--------+--------+--------+--------+--------+-----+--------+

Top non-repeatable levels by time:
       D: 546 daAuts
